Map: 트라이튼 - 래더

Players

Nitix

  • Race: Zerg Zerg
  • Spawn Location: 11:00

Armani - Winner!

  • Race: Zerg Zerg
  • Spawn Location: 5:00

Event: IEM Katowice 2020

VOD

Have the link to the VOD?

Description

Time

  • Played on: Feb. 24, 2020, 9:10 a.m.
  • Length: 7:31

All games in this series

Show
View Real Time Build Order
Export as new Build Order

Nitix Zerg 

Build Orders: Hatch First 

Get SALT Encoding   

  12  0:00  Drone  
  13  0:12  Overlord  
  13  0:17  Drone  
  14  0:30  Drone x2  
  16  0:48  Hatchery  
  15  0:51  Drone  
  15  0:55  Drone  
  17  0:57  Drone  
  18  1:09  Extractor  
  17  1:12  Spawning Pool  
  17  1:16  Drone  
  17  1:19  Drone  
  18  1:27  Drone  
  19  1:38  Drone  
  20  1:49  Drone  
  21  1:59  Overlord  
  21  2:00  Queen x2  
  21  2:01  Zergling x2  
  26  2:08  Metabolic Boost  
  26  2:11  Drone x2  
  28  2:22  Drone x2  
  30  2:33  Hatchery  
  30  2:36  Drone  
  31  2:37  Drone  
  31  2:42  Drone  
  32  2:45  Baneling Nest  
  31  2:51  Queen  
  31  2:56  Overlord  
  33  2:59  Drone  
  33  3:01  Drone  
  33  3:05  Drone  
  36  3:14  Zergling x8  
  36  3:15  Zergling x2  
  36  3:18  Drone  
  42  3:21  Overlord  
  42  3:26  Evolution Chamber  
  41  3:37  Baneling x4  
  41  3:44  Zergling x2  
  41  3:45  Zergling x10  
  41  3:47  Drone x3  
  49  4:03  Drone x2  
  49  4:04  Drone x4  
  49  4:07  Drone  
  49  4:08  Drone  
  52  4:17  Drone x3  
  52  4:19  Overlord  
  55  4:27  Drone x3  
  57  4:32  Overlord  
  57  4:36  Zerg Missile Weapons Level 1  
  57  4:38  Roach Warren  
  56  4:39  Drone x3  
  56  4:40  Drone x2  
  56  4:42  Extractor  
  56  4:43  Extractor  
  58  4:50  Overlord x2  
  58  4:52  Drone x3  
  54  5:00  Zergling x4  
  55  5:11  Drone  
  55  5:12  Lair, Drone  
  57  5:19  Roach x2  
  60  5:30  Drone x11  
  71  5:36  Drone  
  71  5:37  Drone, Pneumatized Carapace  
  77  5:42  Roach  
  77  5:43  Roach x2  
  77  5:44  Zergling x2  
  77  5:47  Spine Crawler  
  77  5:49  Spine Crawler  
  78  5:52  Spine Crawler  
  78  5:53  Roach x3  
  78  5:54  Zergling x4  
  84  6:00  Roach x2  
  84  6:01  Zergling x2  
  84  6:03  Overlord x2  
  89  6:09  Zergling x2, Roach  
  89  6:16  Zergling x4, Roach x3  
  89  6:17  Queen  
  82  6:27  Zergling x4, Roach x3  
  75  6:33  Zergling x4, Roach  
  75  6:34  Zergling x2  
  75  6:39  Zergling x4, Roach  
  75  6:45  Roach x2  
  65  6:54  Zergling x6  
  65  7:00  Zergling x4, Roach x2  
  67  7:08  Zergling x6, Roach  
  61  7:15  Baneling x2  
Show
View Real Time Build Order
Export as new Build Order

Armani Zerg - Winner!

Build Orders: Hatch First 

Get SALT Encoding   

  12  0:00  Drone  
  13  0:13  Overlord  
  13  0:18  Drone  
  14  0:32  Drone x2  
  16  0:48  Hatchery  
  15  0:51  Drone  
  15  0:54  Drone  
  17  1:02  Drone  
  18  1:09  Extractor  
  17  1:15  Spawning Pool  
  17  1:18  Drone  
  17  1:19  Drone  
  18  1:30  Drone  
  19  1:40  Drone  
  20  1:49  Overlord  
  20  2:01  Queen x2  
  20  2:02  Drone x2  
  26  2:10  Metabolic Boost  
  26  2:12  Drone x2  
  28  2:22  Zergling x2  
  29  2:31  Hatchery  
  29  2:34  Drone  
  29  2:36  Drone  
  30  2:41  Drone  
  31  2:47  Baneling Nest  
  31  2:50  Overlord  
  30  2:52  Drone  
  30  2:54  Drone  
  30  2:57  Drone  
  34  3:12  Zergling x2  
  34  3:13  Zergling x12  
  34  3:17  Zergling x2  
  41  3:22  Zergling x4  
  43  3:35  Drone  
  43  3:40  Baneling x2  
  44  3:44  Queen  
  44  3:46  Baneling x3  
  44  3:48  Drone x4, Evolution Chamber  
  50  3:50  Drone  
  50  3:52  Overlord x2  
  50  3:57  Overlord  
  50  4:02  Overlord  
  49  4:08  Drone  
  49  4:10  Drone  
  49  4:11  Drone x2  
  49  4:17  Drone  
  53  4:20  Drone  
  53  4:21  Roach Warren  
  53  4:22  Extractor x2  
  47  4:32  Drone x7  
  54  4:38  Drone  
  54  4:40  Baneling x2  
  54  4:43  Drone x4  
  54  4:45  Overlord  
  59  4:49  Overlord  
  58  5:02  Roach x3  
  58  5:05  Roach  
  58  5:06  Roach x4  
  74  5:11  Roach x2  
  74  5:13  Roach  
  80  5:16  Roach  
  80  5:28  Zergling x12  
  85  5:40  Zergling x18  
  94  5:48  Zergling x8  
  97  5:57  Overlord  
  97  5:59  Baneling x8  
  97  6:00  Overlord x2  
  97  6:01  Ravager  
  98  6:10  Zergling x2  
  97  6:15  Zergling x2  
  97  6:17  Ravager  
  97  6:18  Zergling x14  
  95  6:29  Zergling x6  
  91  6:33  Lair  
  91  6:34  Zergling x16  
  96  6:42  Ravager x2  
  92  6:51  Zergling x12  
  95  6:57  Ravager  
  92  7:03  Zergling x18  
  97  7:08  Ravager x2  

Tags
 
Add a new tag
Caveats
  • Supply blocks, unpowered buildings, or Contaminate may cause inaccurate times.
  • Supply counts are checked every 10 seconds.